 Dungeon Crawl Stone Soup version 0.30-a0-40-gc6d0f036a7 (webtiles) character file.

Game seed: 12287966112746003429

112166 robertstho the Brawler (level 16, -7/241 HPs)
             Began as a Troll Berserker on Aug 29, 2022.
             Was a High Priest of Trog.
             Mangled by an alligator (11 damage)
             ... while petrified by Jorgrun
             ... on level 2 of the Swamp.
             The game lasted 00:42:59 (21115 turns).

robertstho the Brawler (Troll Berserker)           Turns: 21115, Time: 00:43:00

Health: -7/241     AC: 12    Str: 35    XL:     16   Next: 11%
Magic:  15/15      EV:  1    Int:  5    God:    Trog [*****.]
Gold:   1403       SH:  0    Dex: 13    Spells: 15/15 levels left

rFire   + . .      SeeInvis .    D - +2 scimitar (flame)
rCold   . . .      Faith    .    P - +0 kite shield
rNeg    + + +      Spirit   .    v - +0 swamp dragon scales
rPois   ∞          Reflect  +    (helmet restricted)
rElec   .          Harm     .    S - scarf {repulsion}
rCorr   .          Rampage  .    (gloves unavailable)
Will    +....                    (boots unavailable)
Stlth   ..........               U - amulet of reflection
HPRegen 1.30/turn                q - ring of protection from fire
MPRegen 0.14/turn                E - +6 ring of strength

@: berserking (expiring), petrified, repel missiles
A: large, unfitting armour, claws 3, regeneration 1, shaggy fur 1, tough skin 1
a: Renounce Religion, Berserk, Trog's Hand, Brothers in Arms


You were on level 2 of the Swamp.
You worshipped Trog.
Trog was extremely pleased with you.
You visited 4 branches of the dungeon, and saw 19 of its levels.
You visited the Abyss 1 time.
You also visited: Sewer.

You collected 2768 gold pieces.
You spent 1365 gold pieces at shops.

Inventory:

Hand Weapons
 c - the +6 battleaxe "Jacitay" {holy, rC+++ Str-4 Int-2 SInv}
   (You bought it in a shop on level 9 of the Dungeon)

   It has been blessed by the Shining One to cause great damage to the undead
   and demons.
   Str:       It affects your strength (-4).
   Int:       It affects your intelligence (-2).
   rC:        It renders you almost immune to cold.
   SInv:      It lets you see invisible.
 D - a +2 scimitar of flaming (weapon)
Missiles
 F - 6 large rocks (quivered)
Armour
 s - a +2 cloak
 v - +0 swamp dragon scales (worn)
 H - +0 acid dragon scales
 P - a +0 kite shield (worn)
 S - a scarf of repulsion (worn)
Jewellery
 h - a ring of positive energy
 l - a ring of positive energy
 n - a ring of protection from fire
 q - a ring of protection from fire (left claw)
 w - a ring of see invisible
 E - a +6 ring of strength (right claw)
 K - a ring of ice
 O - a +6 ring of dexterity
 U - an amulet of reflection (around neck)
 V - an amulet of regeneration
Wands
 y - a wand of charming (13)
 G - a wand of mindburst (29)
 J - a wand of flame (5)
 N - a wand of polymorph (6)
 W - a wand of roots (8)
 X - a wand of digging (9)
Scrolls
 a - 5 scrolls of enchant armour
 b - 6 scrolls of fear
 f - 2 scrolls of enchant weapon
 g - a scroll of silence
 i - 2 scrolls of identify
 j - 4 scrolls of vulnerability {unknown}
 k - 3 scrolls of poison
 p - 2 scrolls of blinking
 u - 5 scrolls of teleportation
 x - a scroll of fog {unknown}
 Q - 2 scrolls of immolation {unknown}
 R - 2 scrolls of amnesia {unknown}
 T - a scroll of brand weapon {unknown}
Potions
 d - 5 potions of haste
 e - 4 potions of mutation {unknown}
 m - 4 potions of attraction
 o - 9 potions of curing
 r - a potion of resistance {unknown}
 t - 7 potions of flight
 z - 2 potions of berserk rage {unknown}
 A - a potion of ambrosia
 B - 2 potions of magic
 C - a potion of cancellation
 L - 4 potions of might
Miscellaneous
 I - a phantom mirror
 M - a condenser vane


   Skills:
 * Level 10.9 Fighting
 + Level 2.9 Long Blades
 * Level 11.7 Armour
 + Level 9.4 Dodging
 + Level 2.4 Stealth
 + Level 7.7 Shields
 + Level 18.1 Unarmed Combat


You had 15 spell levels left.
You didn't know any spells.
Your spell library was empty.

Dungeon Overview and Level Annotations

Branches:
Dungeon (10/15)            Temple (0/1) D:5            Lair (5/5) D:10
  Swamp (2/4) Lair:2       Spider (0/4) Lair:2        Slime (0/5) Lair:4
    Orc (2/2) D:9             Elf (0/3) Orc:2         Sewer (visited)

Altars:
Cheibriados
Dithmenos
Gozag
Hepliaklqana
Kikubaaqudgha
Okawaru
Ru
Trog
Uskayaw
Vehumet

Shops:
D:1 :   D:6 **   D:9 (   Orc:2 *([:

Annotations:
Swamp:2 Jorgrun


Innate Abilities, Weirdness & Mutations

You are too large for most types of armour.
You have claws for hands.
Your natural rate of healing is unusually fast.
You are covered in fur. (AC +1)
You have tough skin. (AC +1)


Message History

* * * LOW HITPOINT WARNING * * *
You block the four-headed hydra's attack. x2
The four-headed hydra bites you.
The four-headed hydra bites you but does no damage.
Jorgrun hits you with a staff of earth!
* * * LOW HITPOINT WARNING * * *
The alligator bites you!
* * * LOW HITPOINT WARNING * * *
The alligator tail-slaps you.
* * * LOW HITPOINT WARNING * * *
The four-headed hydra bites you.
The four-headed hydra bites you but does no damage.
The four-headed hydra barely misses you.
The four-headed hydra bites you but does no damage.
Your limbs are stiffening.
You lop one of the four-headed hydra's heads off!
The flame cauterises the wound!
You slash the three-headed hydra! You burn the three-headed hydra.
The three-headed hydra is almost dead.
The alligator bites you but does no damage.
You block the alligator's attack. Jorgrun hits you with a staff of earth!
* * * LOW HITPOINT WARNING * * *
The will-o-the-wisp blinks!
The three-headed hydra closely misses you.
The three-headed hydra bites you.
* * * LOW HITPOINT WARNING * * *
The three-headed hydra bites you but does no damage.
The alligator closely misses you. The alligator tail-slaps you!
* * * LOW HITPOINT WARNING * * *
You have turned to stone.
Jorgrun hits you with a staff of earth!
* * * LOW HITPOINT WARNING * * *
The three-headed hydra bites you. The three-headed hydra bites you!
* * * LOW HITPOINT WARNING * * *
The three-headed hydra bites you but does no damage.
The alligator bites you but does no damage.
The alligator tail-slaps you!
* * * LOW HITPOINT WARNING * * *
Jorgrun hits you but does no damage. The alligator bites you!!
You die...

~~~~~~....~~~~.♣§~♣♣.~~~.~..~
~~~~§...>.~~~.....♣♣....♣♣♣~~~
.~~~~♣♣~..§~~)..........~ ~♣♣♣
~♣...♣...~~~~...~~~~~....~ .
♣♣♣~♣♣♣♣.~~~~~~~~~~~~~~♣.~~ ♣
§.~♣♣ ♣♣♣.~~§~~v~~~~~.~ ~~~♣♣
♣♣.~.~~~~~~.... ~~~§♣
♣...~~§~~.♣ ♣♣♣♣♣
♣♣♣~....@g.~♣ ♣..~..♣~tD.~♣
♣~~~.~~♣♣....♣
♣~~~♣♣♣♣§.~~..... ♣...♣
.?~~..#### ♣♣♣♣♣ ~~.§..##
..~~..## ?~~~~..# ~.~~~~§~.


You could see Jorgrun, an alligator (swift), a three-headed hydra and a
will-o-the-wisp.

Vanquished Creatures
  Kirke (Lair:3)
  An eleionoma (Swamp:1)
  2 bunyips
  Josephine (Orc:1)
  4 boulder beetles
  7 hydras
  2 centaur warriors (D:8)
  4 alligators
  Erica (Lair:1)
  9 two-headed ogres
  3 orc high priests (Orc:2)
  13 death yaks
  A tengu warrior (D:9)
  Sonja (Lair:1)
  A sixfirhy (Abyss:1)
  A fire crab (Lair:4)
  2 goliath frogs
  A flayed ghost (Abyss:1)
  3 swamp dragons
  2 bog bodies (Lair:2)
  2 oklob plants (D:10)
  5 orc knights
  7 orc sorcerers (Orc:2)
  A will-o-the-wisp (Swamp:2)
  A cyclops (Orc:1)
  17 elephants
  A torpor snail (Lair:4)
  9 black mambas
  15 cane toads
  2 unseen horrors (D:8)
  2 unseen horror zombies (D:10)
  3 rime drakes
  13 komodo dragons
  Maggie (D:6)
  Psyche (D:8)
  2 tyrant leeches (Swamp:1)
  10 polar bears
  5 trolls
  Prince Ribbit (D:6)
  14 blink frogs
  11 hornets
  7 dream sheep
  2 shadows
  5 culicivoras (Lair:2)
  6 wraiths
  50 yaks
  A small abomination (Abyss:1)
  27 spriggans
  2 humans (Lair:3)
  3 basilisks
  2 hogs (Lair:3)
  4 wyverns
  A large abomination (Abyss:1)
  A steam dragon (D:10)
  3 wargs
  3 swamp worms (Swamp:1)
  7 vampire mosquitoes
  An acid dragon (D:8)
  16 water moccasins
  43 orc warriors
  12 black bears
  2 swamp drakes (Swamp:1)
  10 ogres
  7 boggarts
  37 wolves
  2 centaurs
  A phantom (D:5)
  4 kobold brigands
  20 bullfrogs
  2 necrophages (D:6)
  A gnoll sergeant (D:6)
  4 scorpions
  5 wights
  15 killer bees
  5 howler monkeys
  An electric eel (Lair:3)
  4 centaur zombies (D:10)
  3 hounds
  4 quasits (D:4)
  A human zombie (D:10)
  27 orc priests
  Crazy Yiuf (D:5)
  A gnoll bouda (D:6)
  6 jellies
  7 iguanas
  13 orc wizards
  6 hell rats (Lair:1)
  3 mummies (D:10)
  3 gnolls (D:6)
  16 adders
  3 river rats (Sewer)
  4 shadow imps
  5 white imps
  6 ufetubi
  3 worms
  2 dart slugs
  101 orcs
  11 ball pythons
  7 endoplasms
  2 giant cockroaches (Sewer)
  8 goblins
  6 hobgoblins
  3 jackals (Sewer)
  5 quokkas
  12 bats
  7 frilled lizards
  24 kobolds
  7 rats
806 creatures vanquished.

Vanquished Creatures (collateral kills)
  2 orc warlords
  A hydra (Lair:5)
  A catoblepas (Lair:5)
  3 death yaks
  2 cane toads (Lair:5)
  2 rime drakes
  A komodo dragon (Lair:5)
  A polar bear (Lair:5)
  A wyvern (Lair:5)
  A yak (shapeshifter) (D:8)
  3 yaks (Lair:5)
  2 water moccasins (Lair:5)
  A warg (Orc:1)
  4 orc warriors (Orc:1)
  6 orcs
31 creatures vanquished.

Vanquished Creatures (others)
  An orc high priest (Orc:2)
  A bloated husk (Swamp:1)
  An orc wizard (Orc:1)
  A gnoll (D:6)
  An orc (Orc:2)
  A bush (Lair:5)
  A demonic plant (D:4)
  10 foxfires (Swamp:2)
  29 fungi
  119 plants
165 creatures vanquished.

Grand Total: 1002 creatures vanquished

Notes
Turn   | Place    | Note
-------+----------+-------------------------------------------
     0 | D:1      | robertstho the Troll Berserker began the quest for the Orb.
     0 | D:1      | Reached XP level 1. HP: 22/22 MP: 0/0
    51 | D:1      | Found Kogrouss's Vocational Training.
   125 | D:1      | Reached XP level 2. HP: 29/29 MP: 1/1
   433 | D:1      | Found a faded altar of an unknown god.
   737 | D:2      | Reached XP level 3. HP: 33/36 MP: 2/2
   816 | D:2      | Noticed a scorpion
   822 | D:2      | Killed a scorpion
   823 | D:2      | Reached skill level 1 in Armour
   823 | D:2      | Reached XP level 4. HP: 45/45 MP: 3/3
  1270 | D:3      | Reached ** piety under Trog
  1422 | D:3      | Noticed an orc warrior
  1432 | D:3      | Killed an orc warrior
  1433 | D:3      | Reached skill level 4 in Unarmed Combat
  1433 | D:3      | Reached XP level 5. HP: 53/53 MP: 4/4
  1811 | D:4      | Reached XP level 6. HP: 61/61 MP: 5/5
  1876 | D:4      | Reached skill level 5 in Unarmed Combat
  2093 | D:4      | Reached XP level 7. HP: 52/68 MP: 6/6
  2211 | D:4      | Reached *** piety under Trog
  2594 | D:5      | Entered Level 5 of the Dungeon
  2622 | D:5      | Found a staircase to the Ecumenical Temple.
  2725 | D:5      | Reached skill level 6 in Unarmed Combat
  2731 | D:5      | Found a glowing drain.
  2746 | Sewer    | Entered a sewer
  3030 | Sewer    | Reached **** piety under Trog
  3473 | D:5      | Reached XP level 8. HP: 78/78 MP: 7/7
  3643 | D:5      | Identified the +3 scale mail of the Present {-Tele Harm
                  | Regen+}
  3664 | D:5      | Found a runed translucent door.
  3665 | D:5      | Noticed Crazy Yiuf
  3759 | D:5      | Found an opulent altar of Gozag.
  3849 | D:5      | Killed Crazy Yiuf
  3899 | D:6      | Noticed Maggie
  3935 | D:5      | Reached skill level 7 in Unarmed Combat
  4088 | D:6      | Reached skill level 1 in Stealth
  4094 | D:6      | Killed Maggie
  4161 | D:6      | Found Umep's General Store.
  4182 | D:6      | Found Nuran's Specific Store.
  4282 | D:6      | Reached skill level 5 in Fighting
  4282 | D:6      | Reached skill level 8 in Unarmed Combat
  4282 | D:6      | Reached XP level 9. HP: 88/88 MP: 8/8
  4379 | D:6      | Noticed Prince Ribbit
  4391 | D:6      | Killed Prince Ribbit
  4574 | D:6      | Reached skill level 5 in Dodging
  5096 | D:7      | Reached ***** piety under Trog
  5217 | D:7      | Found a snail-covered altar of Cheibriados.
  5226 | D:7      | Found an iron altar of Okawaru.
  5309 | D:8      | Reached skill level 9 in Unarmed Combat
  5331 | D:8      | Noticed Psyche
  5337 | Abyss:1  | Cast into level 1 of the Abyss (Psyche)
  5340 | Abyss:1  | Found a corrupted altar of Lugonu.
  5489 | Abyss:1  | Reached skill level 5 in Armour
  5549 | Abyss:1  | Noticed a sixfirhy
  5558 | Abyss:1  | Killed a sixfirhy
  5608 | Abyss:1  | Noticed a flayed ghost
  5612 | Abyss:1  | Killed a flayed ghost
  5613 | Abyss:1  | Reached XP level 10. HP: 98/98 MP: 9/9
  5615 | D:8      | Escaped the Abyss
  5620 | D:8      | Killed Psyche
  5842 | D:8      | Reached skill level 10 in Unarmed Combat
  6436 | D:8      | Noticed a two-headed ogre
  6445 | D:8      | Killed a two-headed ogre
  6446 | D:8      | Reached XP level 11. HP: 41/107 MP: 10/10
  6527 | D:8      | Noticed a centaur warrior
  6527 | D:8      | Noticed a boulder beetle
  6549 | D:8      | Killed a centaur warrior
  6550 | D:8      | Reached skill level 11 in Unarmed Combat
  6571 | D:8      | Killed a boulder beetle
  6581 | D:8      | Noticed a two-headed ogre
  6589 | D:8      | Noticed a centaur warrior
  6593 | D:8      | Killed a two-headed ogre
  6597 | D:8      | Killed a centaur warrior
  6936 | D:9      | Found Zebumu's Antique Weapon Boutique.
  6961 | D:9      | Bought a steaming battleaxe for 391 gold pieces
  6961 | D:9      | Identified the +6 battleaxe "Jacitay" {holy, rC+++ Str-4
                  | Int-2 SInv} (You bought it in a shop on level 9 of the
                  | Dungeon)
  7174 | D:9      | Found a staircase to the Orcish Mines.
  7540 | D:9      | Noticed a tengu warrior
  7543 | D:9      | Found the +18 Lear's hauberk
  7556 | D:9      | Killed a tengu warrior
  7557 | D:9      | Reached skill level 12 in Unarmed Combat
  7593 | D:9      | Found a bloodstained altar of Trog.
  7938 | D:9      | Found a radiant altar of Vehumet.
  7941 | D:9      | Found a shadowy altar of Dithmenos.
  7942 | D:9      | Found a hide-covered altar of Uskayaw.
  7965 | D:9      | Found a sacrificial altar of Ru.
  7968 | D:9      | Found a hazy altar of Hepliaklqana.
  8009 | D:9      | Identified the +1 leather armour of the Falcon {Str+2
                  | Stlth+}
  8113 | D:10     | Entered Level 10 of the Dungeon
  8257 | D:10     | Noticed a two-headed ogre
  8267 | D:10     | Killed a two-headed ogre
  8305 | D:10     | Noticed an oklob plant
  8307 | D:10     | Found a staircase to the Lair.
  8307 | D:10     | Noticed an oklob plant
  8434 | D:10     | Noticed a two-headed ogre
  8441 | D:10     | Killed a two-headed ogre
  8452 | D:10     | Killed an oklob plant
  8458 | D:10     | Killed an oklob plant
  8518 | D:10     | Reached XP level 12. HP: 112/119 MP: 11/11
  9148 | D:10     | Found an ancient bone altar of Kikubaaqudgha.
  9324 | D:6      | Bought a wand of quicksilver (2) for 100 gold pieces
  9364 | Orc:1    | Entered Level 1 of the Orcish Mines
  9382 | Orc:1    | Reached skill level 13 in Unarmed Combat
  9491 | Orc:1    | Noticed Josephine
  9511 | Orc:1    | Killed Josephine
  9720 | Orc:1    | Noticed an orc warlord
  9737 | Orc:1    | Killed an orc warlord
 10196 | Orc:2    | Entered Level 2 of the Orcish Mines
 10202 | Orc:2    | Received a gift from Trog
 10207 | Orc:2    | Noticed a two-headed ogre
 10222 | Orc:2    | Killed a two-headed ogre
 10291 | Orc:2    | Reached skill level 14 in Unarmed Combat
 10400 | Orc:2    | Noticed a two-headed ogre
 10413 | Orc:2    | Killed a two-headed ogre
 10554 | Orc:2    | Paralysed by an orc sorcerer for 4 turns
 10776 | Orc:2    | Reached skill level 1 in Shields
 10959 | Orc:2    | Noticed a two-headed ogre
 10966 | Orc:2    | Killed a two-headed ogre
 11042 | Orc:2    | Found a staircase to the Elven Halls.
 11109 | Orc:2    | Reached XP level 13. HP: 112/128 MP: 12/12
 11239 | Orc:2    | Found Paxol's Antique Armour Shoppe.
 11323 | Orc:2    | Bought an embroidered scarf for 304 gold pieces
 11392 | Orc:2    | Noticed an orc warlord
 11403 | Orc:2    | Killed an orc warlord
 11601 | Orc:2    | Found Uliethul's Book Shop.
 11710 | Orc:2    | Received a gift from Trog
 12175 | Orc:2    | Reached skill level 15 in Unarmed Combat
 12314 | Orc:2    | Found Koolar's General Store.
 12333 | Orc:2    | Bought a scroll of identify for 30 gold pieces
 12333 | Orc:2    | Bought an amulet of reflection for 450 gold pieces
 12333 | Orc:2    | Bought a potion of curing for 45 gold pieces
 12333 | Orc:2    | Bought a potion of attraction for 45 gold pieces
 12403 | Orc:2    | Found Uppioz's Weapon Shop.
 12830 | Lair:1   | Entered Level 1 of the Lair of Beasts
 12830 | Lair:1   | Noticed Erica
 12836 | Lair:1   | Killed Erica
 13180 | Lair:1   | Noticed Sonja
 13203 | Lair:1   | Killed Sonja
 13484 | Lair:1   | Reached skill level 10 in Armour
 13906 | Lair:2   | Found a hole to the Spider Nest.
 13929 | Lair:2   | HP: 6/130 [culicivora (11)]
 14220 | Lair:2   | Reached XP level 14. HP: 93/140 MP: 13/13
 14666 | Lair:2   | Found a staircase to the Swamp.
 14795 | Lair:2   | Reached skill level 16 in Unarmed Combat
 15129 | Lair:3   | Noticed Kirke
 15160 | Lair:3   | Killed Kirke
 15564 | Lair:3   | Reached skill level 5 in Shields
 15566 | Lair:3   | Reached skill level 1 in Long Blades
 16655 | Lair:4   | Received a gift from Trog
 16727 | Lair:4   | Reached skill level 10 in Fighting
 17319 | Lair:4   | Reached XP level 15. HP: 106/149 MP: 14/14
 17495 | Lair:4   | Reached skill level 17 in Unarmed Combat
 17806 | Lair:4   | Identified the +0 ring mail of Fae Mirth {Str+6}
 18203 | Lair:4   | Found a staircase to the Slime Pits.
 18442 | Lair:5   | Entered Level 5 of the Lair of Beasts
 18741 | Lair:5   | Identified the +7 flail of the Boar {vorpal, Contam Fly
                  | Str+6 Int+4}
 19079 | Lair:5   | Reached ****** piety under Trog
 19095 | Lair:5   | Received a gift from Trog
 19305 | Lair:5   | Identified the +1 robe of Qazlal's Hatred {Will- Str+7
                  | Dex+6}
 19842 | Swamp:1  | Entered Level 1 of the Swamp
 20300 | Swamp:1  | Reached XP level 16. HP: 96/161 MP: 15/15
 20455 | Swamp:1  | Reached skill level 18 in Unarmed Combat
 21099 | Swamp:2  | Noticed Jorgrun
 21114 | Swamp:2  | HP: 8/241 [three-headed hydra (5)]
 21114 | Swamp:2  | HP: 3/241 [alligator (5)]
 21115 | Swamp:2  | Mangled by an alligator

Illustrated notes

Levels and vault maps discovered:
D:1:      wander_arrival_chamber, layout_rooms,
          dilly_ecumenical_altar_fadedgnrine, nicolae_shop_vocational
D:2:      layout_basic
D:3:      layout_loops_ring, grunt_decor_resistance,
          chequers_serial_rivers_small_a
D:4:      minmay_chambers_of_twos, layout_loops_ring, serial_demonic,
          serial_demonic_f, serial_demonic_f, serial_demonic_f, serial_demonic_d
D:5:      layout_basic, nicolae_gozag_cash_rules_everything_around_me,
          minmay_temple_entry_slanted, cheibrodos_sewer_entry_drain,
          hangedman_abyss_or_decor_stabs, chequers_serial_rivers_micro_b,
          uniq_crazy_yiuf_cottage
D:6:      layout_loops_cross, chequers_decorated_corner, nicolae_specific_store,
          nicolae_grassy_gnolls, uniq_prince_ribbit1, uniq_maggie
D:7:      layout_rooms, mainiacjoe_overflow_swirl
D:8:      hangedman_cross_veins, layout_cave_pools, minmay_fractal_squares_5,
          uniq_psyche
D:9:      layout_gridville, amcnicky_altar_gilded,
          minmay_overflow_temple_star_hex, orc_david_3, serial_shops,
          nicolae_stop_n_shop_1, small_statue_intersection,
          hellmonk_guarded_unrand_lears
D:10:     layout_basic, lemuel_mausoleum_altar_kikubaaqudgha, dpeg_oklobed_lair,
          corexii_leaking_fountain, dreamdust_wishing_well, uniq_erolcha
Lair:1:   beast_lair_carwin_large_2, layout_regular_city,
          grunt_forest_large_clearing_hut, uniq_sonja, uniq_erica
Lair:2:   layout_roguey, skrybe_swamp_entry_bodies,
          hellmonk_spider_entry_life_and_decay, gauntlet_entry_generic,
          grunt_megastairs_3
Lair:3:   kb_forest_paths, layout_gridlike, uniq_kirke
Lair:4:   nzn_winding_woodlands_huge [nzn_winding_woodlands_5x15_longhouse,
          nzn_winding_woodlands_5x15_parted,
          nzn_winding_woodlands_5x15_pathside_ponds,
          nzn_winding_woodlands_5x15_sidewinder,
          nzn_winding_woodlands_5x15_sawtooth, nzn_winding_woodlands_5x15_twine,
          nzn_winding_woodlands_5x15_lazy_stream,
          nzn_winding_woodlands_5x15_eye, nzn_winding_woodlands_5x15_garden,
          nzn_winding_woodlands_5x15_jagged,
          nzn_winding_woodlands_center_garden,
          nzn_winding_woodlands_center_pierced_h,
          nzn_winding_woodlands_15x15_boxy_spiral], layout_loops_ring,
          nicolae_slime_entry_slimehenge
Lair:5:   minmay_lair_end_enchanted_forest, layout_hall_layers, st_stairs_9
Swamp:1:  layout_basic_swamp, nicolae_swamp_oxbows, hangedman_swamp_lotus,
          swamp_pool1
Swamp:2:  layout_basic_swamp, serial_swamp_ruin, evilmike_swamp_ruin_house_1,
          hangedman_swamp_ruin_wall, evilmike_swamp_ruin_house_4, uniq_jorgrun,
          uniq_nikola
Orc:1:    nicolae_orc_accident_1, layout_caves, basic_altar, uniq_josephine
Orc:2:    pubby_orc_utopia

Skill      XL: |  1  2  3  4  5  6  7  8  9 10 11 12 13 14 15 16 |
---------------+-------------------------------------------------+-----
Fighting       | 3 4 5 6 7 8 9 10 | 10.9
Armour         | 1 2 3 5 7 8 9 10 11 | 11.7
Dodging        | 3 4 5 6 7 8 9 |  9.4
Unarmed Combat | 4 5 6 8 9 10 12 14 15 16 17 18 | 18.1
Stealth        | 1 2 |  2.4
Shields        | 1 3 5 7 |  7.7
Long Blades    | 1 2 |  2.9

Action                   |  1- 3 |  4- 6 |  7- 9 | 10-12 | 13-15 | 16-18 || total
-------------------------+-------+-------+-------+-------+-------+-------++-------
Melee: Unarmed           |    55 |   152 |   394 |   626 |  1417 |    40 ||  2684
       Punch             |       |     4 |    14 |    31 |       |       ||    49
       Scimitar          |       |       |       |       |    96 |    13 ||   109
Invok: Berserk           |     1 |     2 |     7 |    16 |    19 |     1 ||    46
       Trog's Hand       |       |       |     1 |     2 |     3 |       ||     6
       Brothers in Arms  |       |       |       |     2 |     4 |     1 ||     7
Evoke: Wand              |       |       |       |     1 |     5 |       ||     6
       Phantom mirror    |       |       |       |       |     1 |       ||     1
  Use: Scroll            |       |     3 |     5 |     3 |    11 |       ||    22
       Potion            |       |       |     1 |     2 |     8 |       ||    11
 Stab: Sleeping          |       |       |       |     2 |     2 |       ||     4
       Distracted        |       |       |       |       |     1 |       ||     1
Armor: Animal skin       |    17 |    66 |   116 |       |       |       ||   199
       Swamp dragon scal |       |       |    59 |   220 |   371 |    21 ||   671
       Acid dragon scale |       |       |       |   121 |    87 |       ||   208
Dodge: Dodged            |    30 |    89 |   186 |   311 |   599 |    24 ||  1239
       Repelled          |       |       |       |       |     4 |       ||     4
Block: Kite shield       |       |       |       |    52 |   932 |    39 ||  1023
       Reflection        |       |       |       |       |     4 |       ||     4

Table legend: (Time is in decaauts)
 A = Elapsed time spent in this place.
 B = Non-inter-level travel time spent in this place.
 C = Inter-level travel time spent in this place.
 D = Time resting spent in this place.
 E = Time spent auto-exploring this place.
 F = Levels seen in this place.
 G = Mean time per level.
                   A        B        C        D        E       F      G
               +--------+--------+--------+--------+--------+-----+--------+
         Total |  21346 |  20459 |    887 |   1495 |  13969 |  21 | 1016.5 |
       Dungeon |   8504 |   8003 |    501 |    480 |   5867 |  10 |  850.4 |
          Lair |   6965 |   6705 |    260 |    431 |   4511 |   5 | 1393.0 |
         Swamp |   1304 |   1274 |     30 |      0 |   1067 |   2 |  652.0 |
  Orcish Mines |   3441 |   3347 |     94 |    480 |   1942 |   2 | 1720.5 |
         Abyss |    294 |    294 |      0 |    103 |    104 |   1 |  294.0 |
         Sewer |    837 |    837 |      0 |      0 |    476 |   1 |  837.0 |
               +--------+--------+--------+--------+--------+-----+--------+

Top non-repeatable levels by time:
   Orc:2: 2530 daAuts
  Lair:4: 1864 daAuts
  Lair:2: 1447 daAuts
  Lair:3: 1439 daAuts
     D:8: 1436 daAuts
     D:9: 1275 daAuts
  Lair:5: 1218 daAuts
    D:10: 1159 daAuts
 Swamp:1: 1050 daAuts
  Lair:1: 995 daAuts
   Orc:1: 911 daAuts
     D:4: 898 daAuts
     D:6: 858 daAuts
   Sewer: 837 daAuts
     D:5: 707 daAuts
